 Dungeon Sprint DCSS version 0.28-a0-461-g2dc4ca5097 (webtiles) character file.

Game seed: 3676778838970607892

4 MikeHunt the Digger (level 1, -3/13 HPs)
             Began as a Demonspawn Earth Elementalist on Sept 13, 2021.
             Slain by a human (7 damage)
             ... in the Dungeon (Sprint III: "The Ten Rune Challenge").
             The game lasted 00:00:50 (131 turns).

MikeHunt the Digger (Demonspawn Earth Elementalist)  Turns: 131, Time: 00:00:50

Health: -3/13      AC:  2    Str: 14    XL:     1   Next: 50%
Magic:  2/4        EV: 12    Int: 16    God:
Gold:   13         SH:  0    Dex: 13    Spells: 5/6 levels left

rFire   . . .      SeeInvis .   (no weapon)
rCold   . . .      Faith    .   (no shield)
rNeg    . . .      Spirit   .   b - +0 robe
rPois   .          Reflect  .   (no helmet)
rElec   .          Harm     .   (no cloak)
rCorr   .          Rampage  .   (no gloves)
Will    .....      NoTele   +   (no boots)
Stlth   ++........              (no amulet)
HPRegen 0.04/turn               a - +6 ring of strength
MPRegen 0.09/turn               (no ring)

@: no status effects
A: no striking features
a: no special abilities


You were in the Dungeon.
You visited 1 branch You collected 13 gold pieces.

Inventory:

Missiles
 i - 17 stones
Armour
 b - a +0 robe (worn)
Jewellery
 a - a +6 ring of strength (left hand)
Scrolls
 h - a scroll of blinking
Potions
 c - a potion of curing
 d - a potion of heal wounds
 e - a potion of haste
 f - a potion of magic
 g - a potion of berserk rage


   Skills:
 - Level 1.7 Dodging
 - Level 1.7 Stealth
 * Level 3.1 Spellcasting
 - Level 0.8 Transmutations
 + Level 3.1 Earth Magic


You had 5 spell levels left.
You knew the following spells:

 Your Spells              Type           Power      Damage    Failure   Level
a - Sandblast             Erth           24%        2d8       4%          1

Your spell library contained the following spells:

 Spells                   Type           Power      Damage    Failure   Level
 Passwall                 Tmut/Erth      6%         N/A       12%         2
 Stone Arrow              Conj/Erth      14%        3d7       28%         3
 Petrify                  Tmut/Erth      8%         N/A       63%         4


Dungeon Overview and Level Annotations

Branches:
Dungeon (1/1)

Altars:


Message History

Aim: a human (moderately wounded, 71% to hit)
The blast of sand hits the human!
The human is heavily wounded.
The human completely misses you.
Aiming: Sandblast (safe; 4% risk of failure)
Press: ? - help, Q - select action, (/) - cycle Shift-Dir - straight line, f/p - human
Aim: a human (heavily wounded, 71% to hit)
The blast of sand hits the human but does no damage.
The human is heavily wounded.
The human closely misses you.
Aiming: Sandblast (safe; 4% risk of failure)
Press: ? - help, Q - select action, (/) - cycle Shift-Dir - straight line, f/p - human
Aim: a human (heavily wounded, 71% to hit)
The blast of sand hits the human but does no damage.
The human is heavily wounded.
The human hits you. The human closely misses you. The human barely misses you.
Aiming: Sandblast (safe; 4% risk of failure)
Press: ? - help, Q - select action, (/) - cycle Shift-Dir - straight line, f/p - human
Aim: a human (moderately wounded, 71% to hit)
The blast of sand hits the human.
The human is heavily wounded.
The human hits you.
Unknown command.
Magic courses through your body. The human misses you.
Aiming: Sandblast (safe; 4% risk of failure)
Press: ? - help, Q - select action, (/) - cycle Shift-Dir - straight line, f/p - human
Aim: a human (heavily wounded, 71% to hit)
The blast of sand hits the human!
The human is severely wounded.
The human hits you.
Aiming: Sandblast (safe; 4% risk of failure)
Press: ? - help, Q - select action, (/) - cycle Shift-Dir - straight line, f/p - human
Aim: a human (severely wounded, 71% to hit)
The blast of sand hits the human.
The human is almost dead.
The human hits you!
Ouch! That really hurt!
You die...

▓▓▓▓▓▓▓▓▓
▓<..#...####
▓...#......##
▓..##.......#
▓##.##.##...# .
##.##.###..# ..
▓#p####.##..# ...
▓@###..##..##
#... ▓#.....##..#
#....
###..##†..##.....
##..##....#......
#..###..##.# #..#
#.. ### ▓▓▓▓ ▓▓▓


You could see a human.

Vanquished Creatures
  2 endoplasms (D)
  2 rats (D)
4 creatures vanquished.

Notes
Turn   | Place    | Note
-------+----------+-------------------------------------------
     0 | D        | MikeHunt the Demonspawn Earth Elementalist began the quest
                  | for the Orb.
     0 | D        | Reached XP level 1. HP: 13/13 MP: 3/3
   131 | D        | Slain by a human

Illustrated notes

Levels and vault maps discovered:
D:        dungeon_sprint_mu [sprint_mu_entry_cave, sprint_mu_temple_rooms,
          sprint_mu_d1_spiders, sprint_mu_d2_genie, sprint_mu_d3_branching,
          sprint_mu_orc_legion, sprint_mu_elf_gauntlet, sprint_mu_hive_nellie,
          sprint_mu_lair_fedhas, sprint_mu_vaults_butterflies,
          sprint_mu_slime_circle, sprint_mu_shoals_archi,
          sprint_mu_snake_twists, sprint_mu_blade_basic,
          sprint_mu_crypt_fortress, sprint_mu_tomb_spiral,
          sprint_mu_vestibule_basic, sprint_mu_gehenna_hellfire,
          sprint_mu_dis_giant, sprint_mu_tartarus_statrot,
          sprint_mu_cocytus_islands, sprint_mu_zot1]

Skill      XL: |  1 |
---------------+----+-----
Earth Magic    | 3 |  3.1
Spellcasting   | 3 |  3.1
Dodging        | |  1.7
Stealth        | |  1.7
Transmutations | |  0.8

Action                   || total
-------------------------++-------
Melee: Unarmed           ||     3
 Cast: Sandblast         ||    13
  Use: Potion            ||     1
 Stab: Sleeping          ||     1
Dodge: Dodged            ||     9

Table legend: (Time is in decaauts)
 A = Elapsed time spent in this place.
 B = Non-inter-level travel time spent in this place.
 C = Inter-level travel time spent in this place.
 D = Time resting spent in this place.
 E = Time spent auto-exploring this place.
 F = Levels seen in this place.
 G = Mean time per level.
                   A        B        C        D        E       F      G
               +--------+--------+--------+--------+--------+-----+--------+
         Total |    130 |    130 |      0 |     40 |      0 |   1 |  130.0 |
       Dungeon |    130 |    130 |      0 |     40 |      0 |   1 |  130.0 |
               +--------+--------+--------+--------+--------+-----+--------+

Top non-repeatable levels by time:
       D: 130 daAuts
